[Event "Titled Tuesday Blitz December 7 2021"]
[White "Nozdrachev, Leonid"]
[Black "Bach, Ngoc Thuy Duong"]
[WhiteFideId "24113433"]
[BlackFideId "12408956"]
[WhiteElo "2124"]
[BlackElo "1896"]
[Result "1-0"]
[Round "10"]
[TimeControl "180+1"]
[Date "2021.12.07"]
[WhiteClock "0:00:44"]
[BlackClock "0:00:09"]

1. e4 c5 2. c3 Nf6 3. e5 Nd5 4. d4 cxd4 5. Nf3 Nc6 6. Bc4 Nb6 7. Bb3 d5 8. exd6 Qxd6 9. O-O e6 10. cxd4 Be7 11. Nc3 O-O 12. a4 a6 13. a5 Nd5 14. Ne4 Qc7 15. Bd2 Bd7 16. Rc1 h6 17. Re1 Qd8 18. Nc5 Bc8 19. Bc2 Nxd4 20. Nxd4 Bxc5 21. Nb3 Bd6 22. Qf3 Bd7 23. Qd3 f5 24. Nd4 Qf6 25. Bb3 Rad8 26. Qf3 Qxd4 27. Red1 Qe5 28. g3 Bc6 29. Re1 Qxb2 30. Rc2 Qf6 31. Qh5 Bb4 32. Bxd5 Bxd2 33. Rxe6 Qf7 34. Rxh6 gxh6 35. Qg6+ Kh8 36. Bxf7 Bg5 37. f4 Be7 38. Qxh6# 1-0


[Site "https://www.chess.com"]

[Event "Titled Tuesday Blitz December 7 2021"]
[White "Obolenskikh, Dmitry"]
[Black "Csonka, Balazs"]
[WhiteFideId "4156013"]
[BlackFideId "742910"]
[WhiteElo "2512"]
[BlackElo "2404"]
[Result "1-0"]
[Round "10"]
[TimeControl "180+1"]
[Date "2021.12.07"]
[WhiteClock "0:00:42"]
[BlackClock "0:00:01"]

1. Nf3 d5 2. e3 Nf6 3. c4 c6 4. Nc3 Nbd7 5. d4 e6 6. b3 Bb4 7. Bd2 O-O 8. Bd3 b6 9. O-O dxc4 10. bxc4 c5 11. d5 Ba6 12. e4 exd5 13. exd5 Re8 14. Qc2 h6 15. Rfe1 Qc7 16. h3 Rxe1+ 17. Rxe1 Re8 18. Rxe8+ Nxe8 19. Ne4 Bxd2 20. Qxd2 Bc8 21. Qe3 Kf8 22. Nc3 Nd6 23. a4 Nf6 24. Nb5 Nxb5 25. axb5 Ne8 26. Ne5 Qe7 27. Qf4 Qf6 28. Qxf6 Nxf6 29. Nc6 a5 30. bxa6 Bxa6 31. Ne5 Bb7 32. f4 Ne8 33. Kf2 Nd6 34. Nd7+ Ke7 35. Nxb6 Ba6 36. Ke3 Kd8 37. Na4 Bxc4 38. Bxc4 Nxc4+ 39. Kd3 Nd6 40. Nxc5 h5 41. g4 hxg4 42. hxg4 Kc7 43. Kd4 Kb6 44. Ne4 Nb5+ 45. Ke5 Kc7 46. g5 Kd7 47. f5 Ke7 48. d6+ Kd7 49. g6 fxg6 50. fxg6 Na7 51. Kd5 Nb5 52. Nc5+ Ke8 53. Kc6 Nd4+ 54. Kc7 Nb5+ 55. Kc6 Nd4+ 56. Kd5 Nb5 57. Ne6 Kd7 58. Nf8+ Ke8 59. Nh7 Kd7 60. Nf6+ Kd8 61. Ng4 Kd7 62. Ne5+ Ke8 63. d7+ Ke7 64. Kc6 Nd4+ 65. Kc7 Ne6+ 66. Kc8 Kf6 67. Nc6 Kxg6 68. Nd4 Nxd4 69. d8=Q Ne6 70. Qe7 Kf5 71. Kd7 Ng5 72. Qxg7 Ne4 73. Qh7+ Ke5 74. Kc6 Kd4 75. Qh4 Ke5 76. Qh2+ Kf5 77. Kd5 Nf6+ 78. Kd4 Ke6 79. Qc7 Kf5 80. Qf7 Kg5 81. Qe6 Ng4 82. Ke4 Nf6+ 83. Kf3 Nh5 84. Qf7 Nf6 85. Qe7 Kf5 86. Qf7 Ke5 87. Qc4 Kf5 88. Qf4+ Ke6 89. Qg5 Nd5 90. Ke4 Nf6+ 91. Kd4 Kf7 92. Ke5 Nd7+ 93. Kd6 Nf6 94. Qf5 Kg7 95. Ke6 Ng8 96. Qg5+ Kh7 97. Kf7 Nh6+ 98. Kf8 1-0


[Site "https://www.chess.com"]

[Event "Titled Tuesday Blitz December 7 2021"]
[White "Obolentseva, Alexandra"]
[Black "Mihailidis, Anastasios"]
[WhiteFideId "24153648"]
[BlackFideId "4205588"]
[WhiteElo "2113"]
[BlackElo "2312"]
[Result "1/2-1/2"]
[Round "10"]
[TimeControl "180+1"]
[Date "2021.12.07"]
[WhiteClock "0:00:46"]
[BlackClock "0:00:04"]

1. d4 d5 2. c4 e6 3. Nc3 Nf6 4. cxd5 exd5 5. Bg5 Be7 6. e3 h6 7. Bh4 O-O 8. Bd3 c6 9. Qc2 Re8 10. Nge2 Ne4 11. Bxe7 Qxe7 12. O-O-O Nxf2 13. Ng3 Qxe3+ 14. Kb1 Nxh1 15. Rxh1 Qxd4 16. Rf1 Re7 17. Nce2 Qe3 18. a3 Bg4 19. Nf4 Nd7 20. Bf5 Ne5 21. Ngh5 Bxf5 22. Qxf5 Qe4+ 23. Qxe4 dxe4 24. Ng3 Nd3 25. Nxe4 Rxe4 26. Nxd3 b6 27. Rf2 Rd8 28. Nb4 c5 29. Nc6 Rd7 30. Nb8 Rb7 31. Nc6 Rc7 32. Nb8 Re8 33. Na6 Rb7 34. Ka2 Re4 35. Rd2 Kf8 36. Rd8+ Ke7 37. Rg8 Rg4 38. g3 h5 39. Nb8 g6 40. Nc6+ Kf6 41. b4 cxb4 42. axb4 a6 43. Kb3 a5 44. b5 Rd7 45. Rb8 Rd3+ 46. Kc2 Ra3 47. Rxb6 Rc4+ 48. Kb2 Rcc3 49. Nxa5+ Kg5 50. Nb7 Rcb3+ 51. Kc2 Rc3+ 52. Kb2 Rcb3+ 53. Kc2 Rc3+ 54. Kb2 1/2-1/2


[Site "https://www.chess.com"]

[Event "Titled Tuesday Blitz December 7 2021"]
[White "Odegov, Artem"]
[Black "Dronavalli, Harika"]
[WhiteFideId "34183644"]
[BlackFideId "5015197"]
[WhiteElo "2274"]
[BlackElo "2382"]
[Result "1-0"]
[Round "10"]
[TimeControl "180+1"]
[Date "2021.12.07"]
[WhiteClock "0:00:13"]
[BlackClock "0:00:16"]

1. d4 d5 2. c4 e6 3. Nf3 Nf6 4. Nc3 Bb4 5. Bg5 h6 6. Bxf6 Qxf6 7. e3 O-O 8. Be2 c5 9. O-O Bxc3 10. bxc3 dxc4 11. Bxc4 b6 12. e4 Bb7 13. Qe2 Nd7 14. Rad1 Rfe8 15. Bb3 Bc6 16. Rfe1 Rac8 17. Qe3 Qe7 18. Qd2 cxd4 19. cxd4 Bb7 20. Qe3 Nf6 21. Qd3 Red8 22. Ne5 Qc7 23. h3 Qc3 24. f3 Qxd3 25. Rxd3 b5 26. Red1 a5 27. a3 Ba6 28. R3d2 Rc3 29. Rb1 a4 30. Bd1 Rxa3 31. Be2 Rb3 32. Rxb3 axb3 33. Nc6 Rd7 34. Rb2 Bb7 35. Na5 Ba6 36. Nxb3 Rc7 37. Nc5 Rc6 38. Bxb5 Bxb5 39. Rxb5 Kh7 40. Rb7 Kg6 41. Kh2 h5 42. Ra7 Rb6 43. Nd3 Kh6 44. Ne5 Rb4 45. Nxf7+ Kg6 46. Ne5+ Kh7 47. Nc6 Rc4 48. Rc7 Ne8 49. Re7 Nd6 50. d5 exd5 51. exd5 Rc5 52. Re5 Nf7 53. Rf5 Nd6 54. Rxh5+ Kg6 55. Re5 Nf7 56. Re6+ Kh7 57. Ne7 Ng5 58. Re2 Rc3 59. d6 Rd3 60. Nf5 Kg6 61. Nh4+ Kh5 62. Nf5 Kg6 63. Ne7+ Kf7 64. Nc8 Ne6 65. Re5 g6 66. Re4 Kf6 67. Ne7 Rxd6 68. Nc8 Rd2 69. Nb6 Ng5 70. Rf4+ Ke5 71. Rg4 Nxf3+ 72. Kg3 Ne1 73. Nc4+ Kf5 74. Nxd2 Nd3 75. Nf3 Kf6 76. Rf4+ Nxf4 77. Kxf4 Ke6 78. Ng5+ Kf6 79. h4 Kg7 80. g4 Kh6 81. Ke5 Kg7 82. Ke6 Kh6 83. Nf3 Kg7 84. g5 Kh7 85. Kf6 Kg8 86. Kxg6 Kh8 87. h5 Kg8 88. h6 Kh8 89. Kf6 Kh7 90. g6+ Kxh6 91. g7 Kh5 92. g8=Q Kh6 93. Qg6# 1-0


[Site "https://www.chess.com"]

[Event "Titled Tuesday Blitz December 7 2021"]
[White "Orlov, Georgi"]
[Black "Shvedova, Alexandra"]
[WhiteFideId "2011271"]
[BlackFideId "54154782"]
[WhiteElo "2463"]
[BlackElo "1920"]
[Result "1-0"]
[Round "10"]
[TimeControl "180+1"]
[Date "2021.12.07"]
[WhiteClock "0:00:13"]
[BlackClock "0:00:04"]

1. d4 Nf6 2. Nf3 d5 3. c4 e6 4. Nc3 dxc4 5. e3 a6 6. a4 b6 7. Bxc4 Bb7 8. O-O Nbd7 9. Qe2 c5 10. Rd1 Qc7 11. d5 exd5 12. Nxd5 Nxd5 13. Bxd5 Bxd5 14. Rxd5 Be7 15. e4 O-O 16. e5 Qc6 17. Rd1 b5 18. Bg5 Bxg5 19. Nxg5 h6 20. Rd6 Qc7 21. Nf3 Rfe8 22. Rad1 Nb6 23. axb5 c4 24. Qe3 Na4 25. b6 Qc5 26. Qxc5 Nxc5 27. R1d4 Nb7 28. Rd7 Nc5 29. R7d5 Na4 30. b7 Rab8 31. Rd7 Nxb2 32. e6 fxe6 33. Ne5 c3 34. Rc7 c2 35. Rb4 c1=Q+ 36. Rxc1 Re7 37. Rc8+ Kh7 38. Rxb8 Nc4 39. Rxc4 a5 40. Rcc8 Re8 41. Rxe8 g5 42. Re7# 1-0


[Site "https://www.chess.com"]

[Event "Titled Tuesday Blitz December 7 2021"]
[White "Pacheco Lugo, Alejandro Jose"]
[Black "Gelman, Alexander"]
[WhiteFideId "3903745"]
[BlackFideId "4118316"]
[WhiteElo "2125"]
[BlackElo "2375"]
[Result "0-1"]
[Round "10"]
[TimeControl "180+1"]
[Date "2021.12.07"]
[WhiteClock "0:00:10"]
[BlackClock "0:00:11"]

1. e4 e5 2. Nf3 d6 3. d4 exd4 4. Nxd4 Nf6 5. Nc3 Be7 6. Bf4 O-O 7. Qd2 Nc6 8. O-O-O Nxd4 9. Qxd4 Be6 10. f3 a6 11. g4 b5 12. h4 c5 13. Qe3 b4 14. Na4 Qa5 15. b3 Rad8 16. h5 h6 17. g5 hxg5 18. Bxg5 c4 19. h6 Ng4 20. Rd5 Bxd5 21. fxg4 Bxe4 22. Bxe7 Bxh1 23. Bxf8 Rxf8 24. hxg7 Kxg7 25. Bxc4 Qe5 26. Qf2 d5 27. Bd3 Re8 28. Kd2 Qg5+ 29. Kd1 Qxg4+ 30. Kc1 Qg2 31. Qd4+ Kg8 32. Qxb4 Qg1+ 33. Kb2 Qg7+ 34. Ka3 Be4 35. Nc5 Bxd3 36. Nxd3 Qf6 37. Qg4+ Kf8 38. Nc5 Rd8 39. b4 Qc3+ 40. Nb3 Qxc2 41. Qg5 Qc7 42. Qh6+ Kg8 43. Nc5 Qd6 44. Qg5+ Kf8 45. Nb3 a5 46. Nxa5 d4 47. Nb3 d3 48. Nd2 Rb8 49. Qg4 Ke7 50. Qe4+ Kf8 51. Kb3 Qe6+ 52. Qxe6 fxe6 53. Kc3 Ke7 54. Kxd3 Rxb4 55. Nf3 Ra4 56. Ne5 Rxa2 57. Nc6+ Kd6 58. Nb4 Ra3+ 59. Kc4 Ra4 60. Kb5 Rxb4+ 61. Kxb4 Ke5 62. Kc3 Kf4 63. Kd2 Kf3 64. Ke1 Ke3 65. Kf1 e5 66. Ke1 e4 67. Kd1 Kf2 68. Kc2 e3 69. Kc3 e2 70. Kd4 e1=Q 0-1


[Site "https://www.chess.com"]

[Event "Titled Tuesday Blitz December 7 2021"]
[White "Perrine, Dalton"]
[Black "Perez Gormaz, Matias"]
[WhiteFideId "2048434"]
[BlackFideId "3406342"]
[WhiteElo "2449"]
[BlackElo "2352"]
[Result "0-1"]
[Round "10"]
[TimeControl "180+1"]
[Date "2021.12.07"]
[WhiteClock "0:00:02"]
[BlackClock "0:01:31"]

1. e4 c5 2. Nf3 d6 3. Bb5+ Bd7 4. c4 Nc6 5. O-O g6 6. d4 cxd4 7. Nxd4 Bg7 8. Be3 Nf6 9. f3 Ne5 10. Qe2 a6 11. Bxd7+ Qxd7 12. b3 Rc8 13. Rc1 O-O 14. Nc3 e6 15. Na4 Qc7 16. Rc2 Ned7 17. Rac1 Qb8 18. Nc3 Rfe8 19. Qd2 Rcd8 20. Bg5 h5 21. Rd1 Kh7 22. Nde2 Ne5 23. a4 Nc6 24. Qf4 d5 25. cxd5 Qxf4 26. Nxf4 Nb4 27. Rcc1 exd5 28. Ncxd5 Nfxd5 29. Nxd5 Nxd5 30. Bxd8 Nc3 31. Rxc3 Bxc3 32. Rd7 Kg7 33. Bb6 Re6 34. a5 Rc6 35. Kf1 Be5 36. g3 Rc2 37. Bf2 Rc3 0-1


[Site "https://www.chess.com"]

[Event "Titled Tuesday Blitz December 7 2021"]
[White "Pham, Le Thao Nguyen"]
[Black "Holtel, Jasper"]
[WhiteFideId "12401226"]
[BlackFideId "12956376"]
[WhiteElo "2286"]
[BlackElo "2380"]
[Result "1-0"]
[Round "10"]
[TimeControl "180+1"]
[Date "2021.12.07"]
[WhiteClock "0:00:28"]
[BlackClock "0:00:13"]

1. d4 d5 2. Nf3 e6 3. c4 Nf6 4. Nc3 Be7 5. Bf4 O-O 6. e3 c5 7. cxd5 exd5 8. Be2 Nc6 9. O-O c4 10. Ne5 Be6 11. Nxc6 bxc6 12. b3 Qa5 13. Na4 Ne4 14. Qc2 cxb3 15. axb3 Qd2 16. Rfc1 a5 17. Bd3 Qxc2 18. Rxc2 Rab8 19. Bxb8 Rxb8 20. Rb1 Bd7 21. h3 g6 22. Bxe4 dxe4 23. Nc5 Bxc5 24. Rxc5 a4 25. b4 a3 26. Ra5 Be6 27. Rxa3 Bd5 28. Ra7 f5 29. g3 g5 30. Kf1 f4 31. Ke2 fxg3 32. fxg3 Rf8 33. Rf1 Bc4+ 34. Kd2 Rf2+ 35. Rxf2 1-0


[Site "https://www.chess.com"]

[Event "Titled Tuesday Blitz December 7 2021"]
[White "Piesik, Piotr"]
[Black "Mezentsev, Ivan"]
[WhiteFideId "1136194"]
[BlackFideId "13706195"]
[WhiteElo "2336"]
[BlackElo "2295"]
[Result "0-1"]
[Round "10"]
[TimeControl "180+1"]
[Date "2021.12.07"]
[WhiteClock "0:02:00"]
[BlackClock "0:01:27"]

1. Nf3 Nf6 2. g3 g6 3. Bg2 Bg7 4. O-O O-O 5. d4 d6 6. Nbd2 Nbd7 7. e4 e5 8. dxe5 dxe5 9. Qe2 c6 10. a4 a5 11. b3 b6 12. Rd1 Ba6 13. Qe1 Qc7 14. Bb2 Rfe8 15. Bf1 Bxf1 16. Kxf1 b5 17. Qe2 Qb7 18. Ne1 Nc5 19. Nd3 Nfd7 20. Nxc5 Nxc5 21. Ba3 Ne6 22. Nf3 Nd4 23. Nxd4 exd4 24. Bb2 f5 25. axb5 cxb5 26. Bxd4 Rxe4 27. Qf3 Bxd4 28. Rxd4 Re1+ 29. Kg2 Qxf3+ 0-1


[Site "https://www.chess.com"]

[Event "Titled Tuesday Blitz December 7 2021"]
[White "Popadic, Dragan"]
[Black "Solon, Nathan"]
[WhiteFideId "913650"]
[BlackFideId "2017229"]
[WhiteElo "2177"]
[BlackElo "2551"]
[Result "1/2-1/2"]
[Round "10"]
[TimeControl "180+1"]
[Date "2021.12.07"]
[WhiteClock "0:00:36"]
[BlackClock "0:00:27"]

1. e4 c5 2. Nc3 d6 3. f4 g6 4. Nf3 Bg7 5. Bc4 Nc6 6. d3 e6 7. O-O Nge7 8. Qe1 O-O 9. f5 gxf5 10. Qh4 fxe4 11. dxe4 Ng6 12. Qh5 Nce5 13. Be2 Nxf3+ 14. Bxf3 Qh4 15. Qxh4 Nxh4 16. Bf4 Be5 17. Bxe5 dxe5 18. Rad1 b6 19. Rd6 Ba6 20. Rfd1 Rfc8 21. Rd7 Kf8 22. Bh5 Ng6 23. Bxg6 hxg6 24. a4 Ke8 25. Nb5 Bxb5 26. axb5 Rd8 27. Rxd8+ Rxd8 28. Ra1 Rd7 29. Kf1 Ke7 30. Ke2 f5 31. c3 c4 32. Ra4 Rc7 33. Ke3 Kd6 34. Rb4 Kc5 35. b3 cxb3 36. Rxb3 Kc4 37. Rb1 Rc5 38. exf5 exf5 39. Ra1 Kxb5 40. Rxa7 Rxc3+ 41. Kf2 Rc6 42. Re7 e4 43. h4 Kc4 44. Ke3 b5 45. g4 b4 46. Rb7 b3 47. h5 fxg4 48. h6 Rc8 49. Kxe4 Kc3 50. Kf4 b2 51. Kxg4 Kc2 52. Kg5 b1=Q 53. Rxb1 Kxb1 54. Kxg6 Rc6+ 55. Kg7 Rxh6 56. Kxh6 1/2-1/2


[Site "https://www.chess.com"]

[Event "Titled Tuesday Blitz December 7 2021"]
[White "Pranav, V"]
[Black "Khanin, Semen"]
[WhiteFideId "25060783"]
[BlackFideId "4111990"]
[WhiteElo "2351"]
[BlackElo "2442"]
[Result "1-0"]
[Round "10"]
[TimeControl "180+1"]
[Date "2021.12.07"]
[WhiteClock "0:00:09"]
[BlackClock "0:00:05"]

1. e4 c5 2. Nf3 Nc6 3. Bb5 g6 4. O-O Bg7 5. c3 Nf6 6. Qa4 O-O 7. d4 cxd4 8. cxd4 a6 9. Nc3 d6 10. Bxc6 bxc6 11. Qxc6 Bg4 12. Nd2 Qa5 13. Qa4 Qxa4 14. Nxa4 Rfc8 15. Nc3 Rab8 16. Re1 Nd7 17. Nb3 Nb6 18. h3 Be6 19. Rd1 Nc4 20. Ne2 a5 21. Nc3 Rb4 22. d5 Bd7 23. Ne2 a4 24. Nbd4 Nxb2 25. Bxb2 Rxb2 26. Rab1 a3 27. Rbc1 Rxc1 28. Rxc1 Rxa2 29. Rc7 Bxd4 30. Nxd4 Rd2 31. Nb3 Rd1+ 32. Kh2 Ba4 33. Nc1 Rd2 34. Ra7 Rd4 35. f3 Kg7 36. Rxe7 Rc4 37. Ra7 Kf6 38. Na2 Ke5 39. Kg3 g5 40. h4 f6 41. hxg5 fxg5 42. Rb7 Rc2 43. Nb4 Rd2 44. Ra7 a2 45. Rxa4 h5 46. Rxa2 h4+ 47. Kh3 Rd4 48. Nc6+ Kf4 49. Nxd4 g4+ 50. fxg4 1-0


[Site "https://www.chess.com"]

[Event "Titled Tuesday Blitz December 7 2021"]
[White "Preotu, Razvan"]
[Black "Aradhya, Garg"]
[WhiteFideId "2613280"]
[BlackFideId "25006746"]
[WhiteElo "2407"]
[BlackElo "2176"]
[Result "1/2-1/2"]
[Round "10"]
[TimeControl "180+1"]
[Date "2021.12.07"]
[WhiteClock "0:00:03"]
[BlackClock "0:00:11"]

1. e4 e5 2. Nf3 Nc6 3. Bc4 Bc5 4. c3 Nf6 5. d3 O-O 6. O-O d6 7. Re1 Ne7 8. d4 Bb6 9. Nbd2 Ng6 10. h3 exd4 11. cxd4 d5 12. exd5 Nxd5 13. Ne4 c6 14. Bg5 f6 15. Bd2 Bc7 16. a4 b6 17. Qb3 Be6 18. Nc5 bxc5 19. Rxe6 Rb8 20. Qa2 Kh8 21. Rxc6 Nb4 22. Bxb4 cxb4 23. Qb3 Nf4 24. Re1 Qd7 25. Bb5 a6 26. Rxa6 Nxh3+ 27. gxh3 Qxh3 28. Qd3 Rxb5 29. Qxb5 Qg4+ 30. Kf1 Qxf3 31. Qc6 Qh3+ 32. Ke2 Bf4 33. Qe4 Qg4+ 34. Kd3 h5 35. Ra8 Rxa8 36. Qxa8+ Kh7 37. Qe4+ Kh6 38. a5 g5 39. a6 Qd7 40. Qe6 Qb5+ 41. Qc4 Qf5+ 42. Ke2 Qe4+ 43. Kf1 Qh1+ 44. Ke2 Qe4+ 45. Kd1 Qb1+ 46. Ke2 Qe4+ 1/2-1/2


[Site "https://www.chess.com"]

[Event "Titled Tuesday Blitz December 7 2021"]
[White "Punin, Andrii"]
[Black "Malka, Samuel"]
[WhiteFideId "14112639"]
[BlackFideId "20643675"]
[WhiteElo "2357"]
[BlackElo "2463"]
[Result "1/2-1/2"]
[Round "10"]
[TimeControl "180+1"]
[Date "2021.12.07"]
[WhiteClock "0:00:17"]
[BlackClock "0:00:12"]

1. e4 c5 2. Be2 Nc6 3. f4 d6 4. Nf3 Nf6 5. d3 Bg4 6. Nbd2 e6 7. O-O Be7 8. c3 Qc7 9. h3 Bxf3 10. Nxf3 d5 11. e5 Nd7 12. Be3 O-O-O 13. d4 Kb8 14. Rb1 cxd4 15. cxd4 Rc8 16. Qd2 Bb4 17. Qd3 g6 18. a3 Be7 19. b4 Qb6 20. Rfc1 h6 21. h4 Rhd8 22. g3 Bf8 23. Kg2 Ne7 24. Bf2 Rxc1 25. Rxc1 Rc8 26. Qb1 Rxc1 27. Qxc1 Qc6 28. Qb2 Nb6 29. Nd2 Nc4 30. Nxc4 dxc4+ 31. Bf3 Nd5 32. Kg1 c3 33. Qc2 Qc4 34. Bxd5 exd5 35. Kg2 a5 36. bxa5 Bxa3 37. Kf3 h5 38. Ke3 Bb4 39. a6 Qxa6 40. f5 gxf5 41. Qxf5 Qa2 42. Kf3 c2 43. Be3 Ba3 44. Qxf7 c1=Q 45. Bxc1 Bxc1 46. e6 Qd2 47. e7 Qe3+ 48. Kg2 Qe4+ 49. Kh2 Qe2+ 50. Kh3 Qg4+ 51. Kh2 Qe2+ 52. Kh3 Qg4+ 53. Kg2 Qe2+ 54. Kh3 1/2-1/2


[Site "https://www.chess.com"]

[Event "Titled Tuesday Blitz December 7 2021"]
[White "Rakhmanov, Aleksandr"]
[Black "Durarbayli, Vasif"]
[WhiteFideId "4173708"]
[BlackFideId "13402935"]
[WhiteElo "2500"]
[BlackElo "2599"]
[Result "0-1"]
[Round "10"]
[TimeControl "180+1"]
[Date "2021.12.07"]
[WhiteClock "0:00:01"]
[BlackClock "0:00:04"]

1. d4 Nf6 2. c4 e6 3. Nc3 Bb4 4. e3 O-O 5. Nf3 d6 6. Bd2 Nbd7 7. Qc2 b6 8. Bd3 Bb7 9. a3 Bxc3 10. Bxc3 Qe7 11. O-O-O a6 12. Ng5 h6 13. h4 b5 14. cxb5 axb5 15. Rh3 Rfc8 16. Rg3 Nh5 17. Bh7+ Kf8 18. Nxf7 Nxg3 19. Nh8 Qf6 20. fxg3 Ke7 21. Ng6+ Kd8 22. e4 b4 23. Bxb4 Ra6 24. Bc3 d5 25. e5 Qf5 26. Qe2 c5 27. Rf1 Qe4 28. Qb5 cxd4 29. Rf7 Qe1+ 30. Kc2 Rxc3+ 31. bxc3 Qxc3+ 32. Kd1 Rc6 33. Rxd7+ Kxd7 34. Qxb7+ Rc7 35. Qb5+ Kc8 36. Qa6+ Kb8 37. Qb6+ Rb7 38. Qd6+ Ka7 39. Ne7 Rb2 40. Nc6+ Kb6 41. Nb4+ Kb5 42. Qd7+ Kc4 43. Qc6+ Kb3 44. Qxc3+ dxc3 45. Bc2+ Kxa3 46. Nd3 Ra2 47. g4 Ra1+ 48. Ke2 Rh1 49. g5 Rxh4 50. gxh6 gxh6 51. Ke3 Re4+ 52. Kf2 Rd4 53. Ke3 Re4+ 54. Kf2 Rh4 55. Ke3 Rh1 56. Kd4 Rg1 57. Kxc3 Rxg2 58. Nf4 Rg5 59. Nxe6 Rxe5 60. Nf4 h5 61. Kd4 Rg5 62. Nxd5 h4 63. Nf4 Rg4 64. Ke3 Rg3+ 65. Kf2 Kb2 66. Be4 Rg4 67. Kf3 Rg3+ 68. Kf2 Rg8 69. Bg2 Kc3 70. Bh3 Rf8 71. Ke3 Re8+ 72. Kf3 Kd4 73. Kg4 Ke4 74. Bg2+ Ke3 75. Ng6 Rg8 76. Kf5 Kf2 77. Bd5 Rd8 78. Be4 Kg3 0-1


[Site "https://www.chess.com"]

[Event "Titled Tuesday Blitz December 7 2021"]
[White "Rangel, Daniel"]
[Black "Tologon tegin, Semetei"]
[WhiteFideId "2124475"]
[BlackFideId "13800574"]
[WhiteElo "2187"]
[BlackElo "2224"]
[Result "0-1"]
[Round "10"]
[TimeControl "180+1"]
[Date "2021.12.07"]
[WhiteClock "0:00:02"]
[BlackClock "0:00:31"]

1. c4 g6 2. g3 Bg7 3. Bg2 c5 4. Nc3 Nc6 5. b3 e5 6. Bb2 Nge7 7. e3 O-O 8. Nge2 d6 9. O-O Bf5 10. Nd5 Nxd5 11. cxd5 Nb4 12. Bc3 Bc2 13. Qc1 Bd3 14. Qd1 Qb6 15. a3 Qb5 16. Nc1 Bc2 17. Qg4 Nd3 18. Nxd3 Bxd3 19. Rfc1 Qxb3 20. Qd7 Rfd8 21. Qe7 Bf8 22. Qf6 Re8 23. f4 Be7 24. fxe5 Bxf6 25. exf6 Be4 26. Bf1 Qxd5 27. Bb2 Qf5 0-1


[Site "https://www.chess.com"]

[Event "Titled Tuesday Blitz December 7 2021"]
[White "Rodchenkov, Vitaly"]
[Black "Ezat, Mohamed"]
[WhiteFideId "4152964"]
[BlackFideId "10600906"]
[WhiteElo "2337"]
[BlackElo "2400"]
[Result "0-1"]
[Round "10"]
[TimeControl "180+1"]
[Date "2021.12.07"]
[WhiteClock "0:01:08"]
[BlackClock "0:01:07"]

1. Nf3 Nf6 2. c4 g6 3. b4 Bg7 4. Bb2 O-O 5. g3 a5 6. b5 d5 7. cxd5 Qxd5 8. Nc3 Qh5 9. Bg2 Bh3 10. O-O Ng4 11. Qc2 Nd7 12. Ne4 e5 13. Bxh3 Qxh3 14. Qxc7 Ndf6 15. Nxf6+ Bxf6 16. e4 Rfd8 17. Bc3 Rd3 0-1


[Site "https://www.chess.com"]

[Event "Titled Tuesday Blitz December 7 2021"]
[White "Sadykov, Ramil"]
[Black "Kabanova, Ekaterina"]
[WhiteFideId "24113590"]
[BlackFideId "24112917"]
[WhiteElo "2300"]
[BlackElo "2164"]
[Result "1-0"]
[Round "10"]
[TimeControl "180+1"]
[Date "2021.12.07"]
[WhiteClock "0:00:10"]
[BlackClock "0:00:09"]

1. e4 c5 2. Nc3 e6 3. g3 a6 4. a4 b6 5. Bg2 Bb7 6. d3 h5 7. h3 Qc7 8. Nge2 Nf6 9. Bf4 d6 10. O-O Nbd7 11. Qd2 Be7 12. h4 Ng4 13. f3 Ngf6 14. Rad1 Ne5 15. b3 Rd8 16. d4 cxd4 17. Qxd4 Ng6 18. Be3 Nd7 19. Qd2 Rc8 20. Rc1 O-O 21. Rfd1 Rfd8 22. Na2 d5 23. exd5 Nde5 24. c4 Qb8 25. Bxb6 exd5 26. Bxd8 Rxd8 27. Qe3 Nd7 28. Kh2 Bc5 29. Qg5 Be7 30. Qxh5 dxc4 31. bxc4 Bxh4 32. f4 Bxg2 33. Kxg2 Bf6 34. Qf3 Qc7 35. Nb4 Re8 36. Nd5 Qd8 37. Nd4 Bxd4 38. Rxd4 Qc8 39. Rcd1 Nc5 40. R1d2 Qf5 41. Re2 Rxe2+ 42. Qxe2 Qb1 43. Ne7+ Nxe7 44. Rd8+ Kh7 45. Qh5# 1-0


[Site "https://www.chess.com"]

[Event "Titled Tuesday Blitz December 7 2021"]
[White "Samadov, Read"]
[Black "Belyakov, Bogdan"]
[WhiteFideId "13417444"]
[BlackFideId "24104795"]
[WhiteElo "2084"]
[BlackElo "2407"]
[Result "1-0"]
[Round "10"]
[TimeControl "180+1"]
[Date "2021.12.07"]
[WhiteClock "0:01:30"]
[BlackClock "0:02:23"]

1. d4 Nf6 2. c4 g6 3. g3 Bg7 4. Bg2 O-O 5. Nc3 d6 6. Nf3 Nc6 7. O-O a6 8. Bf4 Rb8 9. Rc1 h6 10. Qd2 g5 11. Be3 Ng4 12. d5 Nxe3 13. Qxe3 Ne5 14. Nxe5 Bxe5 15. f4 gxf4 16. gxf4 Bg7 17. f5 e6 18. dxe6 fxe6 19. fxe6 Re8 20. Bd5 Qg5+ 21. Qxg5 hxg5 22. Rf5 c6 23. Bf3 Bxe6 24. Rxg5 Bxc4 25. Ne4 Rxe4 26. Bxe4 Bxe2 27. Rc2 1-0


[Site "https://www.chess.com"]

[Event "Titled Tuesday Blitz December 7 2021"]
[White "Sanchez, Robert"]
[Black "Mouhamad, Joachim"]
[WhiteFideId "2034360"]
[BlackFideId "656410"]
[WhiteElo "2351"]
[BlackElo "2207"]
[Result "1-0"]
[Round "10"]
[TimeControl "180+1"]
[Date "2021.12.07"]
[WhiteClock "0:00:10"]
[BlackClock "0:00:09"]

1. e4 c6 2. d4 d5 3. e5 c5 4. dxc5 e6 5. b4 a5 6. c3 axb4 7. cxb4 b6 8. Be3 Ne7 9. Nf3 Nf5 10. Bb5+ Bd7 11. Bxd7+ Qxd7 12. O-O Nxe3 13. fxe3 bxc5 14. Ng5 cxb4 15. Rxf7 Qxf7 16. Nxf7 Kxf7 17. Nd2 Nd7 18. Nf3 Be7 19. e4 Nb6 20. exd5 Nxd5 21. Nd4 Bc5 22. Kh1 Bxd4 23. Qxd4 Rhc8 24. Rf1+ Kg8 25. Qg4 Ra6 26. Qf3 Ra7 27. Qg4 Re7 28. Qe4 h6 29. h3 Ra8 30. Rc1 Rea7 31. Rc6 Ra6 32. Rxe6 Rxe6 33. Qxd5 Re8 34. Qc4 Kh8 35. Qxb4 Rxe5 36. a4 Re4 37. Qb5 R8e5 38. Qc6 Re6 39. Qd7 Re7 40. Qd8+ Kh7 41. Qd3 h5 42. a5 g6 43. a6 Re1+ 44. Kh2 Ra1 45. Qd6 Rg7 46. h4 Re1 47. Qb6 Ree7 48. Kg3 Ra7 49. Kf3 Raf7+ 50. Ke3 Ra7 51. Kd3 Rad7+ 52. Kc4 Rdf7 53. Kb5 Re7 54. Qc6 Ref7 55. Kc5 Rf5+ 56. Kd4 Rff7 57. g3 Rc7 58. Qb6 Rgd7+ 59. Ke5 Re7+ 60. Kd6 Rg7 61. Qxc7 1-0


[Site "https://www.chess.com"]

[Event "Titled Tuesday Blitz December 7 2021"]
[White "Sarana, Alexey"]
[Black "Bortnyk, Olexandr"]
[WhiteFideId "24133795"]
[BlackFideId "14120828"]
[WhiteElo "2672"]
[BlackElo "2723"]
[Result "1-0"]
[Round "10"]
[TimeControl "180+1"]
[Date "2021.12.07"]
[WhiteClock "0:01:28"]
[BlackClock "0:00:04"]

1. d4 f5 2. c4 Nf6 3. Nc3 d6 4. Bg5 Nbd7 5. e3 c6 6. Bd3 g6 7. Nge2 e5 8. f3 Bg7 9. O-O O-O 10. Qc2 h6 11. Bh4 Qe8 12. Rae1 Qf7 13. b3 Re8 14. g4 e4 15. fxe4 Nxg4 16. Ng3 Nxe3 17. Rxe3 Bxd4 18. Nd1 f4 19. Ne2 Bxe3+ 20. Nxe3 g5 21. Nf5 Re6 22. Be1 Ne5 23. Bc3 Bd7 24. c5 Nxd3 25. Qxd3 dxc5 26. Kh1 Rae8 27. Nxf4 gxf4 28. Rg1+ 1-0


[Site "https://www.chess.com"]

[Event "Titled Tuesday Blitz December 7 2021"]
[White "Savchenko, Boris"]
[Black "Svane, Rasmus"]
[WhiteFideId "4147332"]
[BlackFideId "4657101"]
[WhiteElo "2499"]
[BlackElo "2643"]
[Result "0-1"]
[Round "10"]
[TimeControl "180+1"]
[Date "2021.12.07"]
[WhiteClock "0:00:01"]
[BlackClock "0:00:09"]

1. c3 Nf6 2. d4 d5 3. Bf4 e6 4. e3 Bd6 5. Nf3 O-O 6. Nbd2 b6 7. Bd3 Ba6 8. Bc2 Bxf4 9. exf4 c5 10. Ne5 cxd4 11. cxd4 Qd6 12. a3 Nfd7 13. h4 h6 14. Rc1 f6 15. Ng6 Re8 16. Qg4 e5 17. fxe5 fxe5 18. Kd1 Nc6 19. Ba4 Nxd4 20. Qxd7 Qxg6 21. Qxd5+ Kh8 22. Bxe8 Rxe8 23. Qe4 Qf7 24. Ke1 Ne2 25. Rc4 Nf4 26. g3 Bb7 27. Rc6 Qd7 28. Rd6 Qe7 29. Qa4 Bxh1 30. Rd7 Qe6 31. Qxa7 Nh5 32. Rd3 Nf6 33. Re3 Ng4 34. Re2 Qc6 35. f3 Qc1# 0-1


[Site "https://www.chess.com"]